 Dungeon Crawl Stone Soup version 0.28-a0-239-g68911e0c57 (webtiles) character file.

Game seed: 10655957531220411389

225 Smaepdii the Slicer (level 6, -1/44 HPs)
             Began as a Gnoll Wanderer on Aug 23, 2021.
             Was a Believer of Okawaru.
             Slain by Menkaure (17 damage)
             ... on level 4 of the Dungeon on Aug 24, 2021.
             The game lasted 00:13:40 (2812 turns).

Smaepdii the Slicer (Gnoll Wanderer)                Turns: 2812, Time: 00:13:41

Health: -1/44      AC:  7    Str: 17    XL:     6   Next: 1%
Magic:  6/8        EV: 16    Int: 10    God:    Okawaru [**....]
Gold:   60         SH:  6    Dex: 15    Spells: 8/8 levels left

rFire   . . .      SeeInvis .   l - +0 dagger (venom)
rCold   . . .      Faith    .   r - +0 buckler
rNeg    . . .      Spirit   .   q - +0 ring mail
rPois   .          Reflect  .   h - +0 helmet
rElec   .          Harm     .   (no cloak)
rCorr   .          Rampage  .   (no gloves)
Will    .....                   (no boots)
Stlth   +++.......              (no amulet)
HPRegen 0.14/turn               k - +6 ring of strength
MPRegen 0.11/turn               (no ring)

@: heroic
A: fangs 1, strong nose, distributed training
a: Renounce Religion, Heroism


You were on level 4 of the Dungeon.
You worshipped Okawaru.
Okawaru was pleased with you.
You visited 1 branch of the dungeon, and saw 4 of its levels.

You collected 60 gold pieces.

Inventory:

Hand Weapons
 l - a +0 dagger of venom (weapon)
Armour
 d - a +0 robe
 h - a +0 helmet (worn)
 q - a +0 ring mail (worn)
 r - a +0 buckler (worn)
Jewellery
 k - a +6 ring of strength (left hand)
Wands
 b - a wand of flame (8) (quivered)
 m - a wand of iceblast (13)
Scrolls
 c - 2 scrolls of teleportation
 p - a scroll of blinking {unknown}
Potions
 a - a potion of heal wounds {unknown}
 e - a potion of might {unknown}
 f - a potion of cancellation {unknown}
 g - 2 potions of curing
 i - a potion of lignification {unknown}
 j - 2 potions of flight
 n - 2 potions of haste
 o - a potion of invisibility {unknown}
 s - a potion of berserk rage {unknown}
 t - 2 potions of brilliance
 u - a potion of attraction {unknown}


   Skills:
 + Level 1.7(6.7) Fighting
 + Level 8.7(13.7) Short Blades
 + Level 3.1(8.1) Long Blades
 + Level 1.7(6.7) Axes
 + Level 1.7(6.7) Maces & Flails
 + Level 1.7(6.7) Polearms
 + Level 1.7(6.7) Staves
 + Level 1.7(6.7) Slings
 + Level 1.7(6.7) Bows
 + Level 1.7(6.7) Crossbows
 + Level 1.7(6.7) Throwing
 + Level 1.7(6.7) Armour
 + Level 6.7(11.7) Dodging
 + Level 1.7(6.7) Stealth
 + Level 3.1(8.1) Shields
 + Level 1.7(6.7) Unarmed Combat
 + Level 1.7 Spellcasting
 + Level 1.3 Conjurations
 + Level 1.3 Hexes
 + Level 1.3 Summonings
 + Level 1.3 Necromancy
 + Level 1.3 Translocations
 + Level 1.3 Transmutations
 + Level 1.3 Fire Magic
 + Level 1.3 Ice Magic
 + Level 1.3 Air Magic
 + Level 1.3 Earth Magic
 + Level 1.3 Poison Magic
 + Level 2.0 Invocations
 + Level 3.1 Evocations


You had 8 spell levels left.
You didn't know any spells.
Your spell library was empty.

Dungeon Overview and Level Annotations

Branches:
Dungeon (4/15)
 Temple: D:4-7

Altars:
Okawaru

Shops:
D:3 (

Annotations:
D:4 Menkaure


Innate Abilities, Weirdness & Mutations

You have very sharp teeth.
Your uncanny sense of smell can sniff out nearby items.
Your experience applies equally to all skills.


Message History

The ufetubus is moderately wounded.
The ufetubus closely misses you. The ufetubus barely misses you.
The ufetubus hits you. The ufetubus barely misses you.
You kill the ufetubus!
Okawaru accepts your kill.
Your Invocations skill increases to level 2!
You have reached level 6!
Your experience leads to an increase in your attributes!
Your base attributes are Str 10, Int 10, Dex 15.
Increase (S)trength, (I)ntelligence, or (D)exterity?
You feel stronger.
Found a pink potion.
u - a pink potion Menkaure, Prince of Dust comes into view.
Menkaure shouts!
Menkaure calls on the powers of darkness!
Your body is wracked with pain!
Okay, then.
Press: ? - help, v - describe, . - travel
Here: Menkaure The floor.
You gain the combat prowess of a mighty hero.
You hit Menkaure but do no damage. You hit Menkaure but do no damage.
Menkaure closely misses you.
You hit Menkaure but do no damage. You bite Menkaure, but do no damage.
You hit Menkaure.
Menkaure is lightly damaged.
Menkaure mumbles some strange words.
Menkaure seems to speed up.
You hit Menkaure.
Menkaure is lightly damaged.
You completely miss Menkaure.
Menkaure is lightly damaged.
Menkaure hits you!
You hit Menkaure.
Menkaure is lightly damaged.
You hit Menkaure but do no damage.
Menkaure is lightly damaged.
Menkaure hits you!
You die...

####### #..M@.#
#.###.# #.# #.#
#.# ########
#.########.......
#..............##
#########...##.#
#........##.#


You could see Menkaure (fast).

Vanquished Creatures
  A scorpion (D:3)
  A jelly (D:4)
  An iguana (D:4)
  Ijyb (D:3)
  3 adders
  An ufetubus (D:4)
  2 dart slugs (D:3)
  2 orcs (D:3)
  12 bats
  3 endoplasms
  2 giant cockroaches
  6 goblins
  7 hobgoblins
  A kobold (D:2)
  2 quokkas (D:2)
  3 frilled lizards
  A rat (D:2)
49 creatures vanquished.

Notes
Turn   | Place    | Note
-------+----------+-------------------------------------------
     0 | D:1      | Smaepdii the Gnoll Wanderer began the quest for the Orb.
     0 | D:1      | Smaepdii set off with the following items: a +0 short
                  | sword, a wand of flame (15), a scroll of teleportation, a
                  | +0 robe
     0 | D:1      | Reached XP level 1. HP: 13/13 MP: 1/1
    85 | D:1      | Found a faded altar of an unknown god.
    92 | D:1      | Became a worshipper of Warmaster Okawaru
    92 | D:1      | Reached * piety under Okawaru
   363 | D:1      | Reached XP level 2. HP: 19/19 MP: 2/2
   908 | D:2      | Reached XP level 3. HP: 25/25 MP: 3/3
  1228 | D:3      | Reached skill level 1 in Invocations
  1475 | D:3      | Noticed Ijyb
  1513 | D:3      | Killed Ijyb
  1514 | D:3      | Reached skill level 1 in Fighting
  1514 | D:3      | Reached skill level 1 in Axes
  1514 | D:3      | Reached skill level 1 in Maces & Flails
  1514 | D:3      | Reached skill level 1 in Polearms
  1514 | D:3      | Reached skill level 1 in Staves
  1514 | D:3      | Reached skill level 1 in Slings
  1514 | D:3      | Reached skill level 1 in Bows
  1514 | D:3      | Reached skill level 1 in Crossbows
  1514 | D:3      | Reached skill level 1 in Throwing
  1514 | D:3      | Reached skill level 1 in Armour
  1514 | D:3      | Reached skill level 1 in Stealth
  1514 | D:3      | Reached skill level 1 in Unarmed Combat
  1514 | D:3      | Reached skill level 1 in Spellcasting
  1514 | D:3      | Reached XP level 4. HP: 6/32 MP: 5/5
  1802 | D:3      | Noticed a sky beast
  2146 | D:3      | Reached skill level 1 in Conjurations
  2146 | D:3      | Reached skill level 1 in Hexes
  2146 | D:3      | Reached skill level 1 in Summonings
  2146 | D:3      | Reached skill level 1 in Necromancy
  2146 | D:3      | Reached skill level 1 in Translocations
  2146 | D:3      | Reached skill level 1 in Transmutations
  2146 | D:3      | Reached skill level 1 in Fire Magic
  2146 | D:3      | Reached skill level 1 in Ice Magic
  2146 | D:3      | Reached skill level 1 in Air Magic
  2146 | D:3      | Reached skill level 1 in Earth Magic
  2146 | D:3      | Reached skill level 1 in Poison Magic
  2192 | D:3      | Found Vayk Aniom's Antique Weapon Boutique.
  2206 | D:3      | Noticed a scorpion
  2218 | D:3      | Killed a scorpion
  2218 | D:3      | Reached ** piety under Okawaru
  2219 | D:3      | Reached XP level 5. HP: 28/37 MP: 5/7
  2703 | D:4      | Reached XP level 6. HP: 42/44 MP: 8/8
  2802 | D:4      | Noticed Menkaure
  2812 | D:4      | Slain by Menkaure

Illustrated notes

Levels and vault maps discovered:
D:1:      psy_arrival_statuary, layout_basic, basic_ecumenical_altar
D:2:      layout_rooms
D:3:      minmay_wonky_spiral, layout_loops_cross, serial_shops, shop,
          kennysheep_generic_room_4, uniq_ijyb
D:4:      layout_loops_ring, uniq_menkaure

Skill      XL: |  1  2  3  4  5 |
---------------+----------------+-----
Invocations    | 1 2 |  2.0
Fighting       | 1 |  1.7
Axes           | 1 |  1.7
Maces & Flails | 1 |  1.7
Polearms       | 1 |  1.7
Staves         | 1 |  1.7
Slings         | 1 |  1.7
Bows           | 1 |  1.7
Crossbows      | 1 |  1.7
Throwing       | 1 |  1.7
Armour         | 1 |  1.7
Stealth        | 1 |  1.7
Unarmed Combat | 1 |  1.7
Spellcasting   | 1 |  1.7
Conjurations   | 1 |  1.3
Hexes          | 1 |  1.3
Summonings     | 1 |  1.3
Necromancy     | 1 |  1.3
Translocations | 1 |  1.3
Transmutations | 1 |  1.3
Fire Magic     | 1 |  1.3
Ice Magic      | 1 |  1.3
Air Magic      | 1 |  1.3
Earth Magic    | 1 |  1.3
Poison Magic   | 1 |  1.3
Long Blades    | 3 |  3.1
Shields        | 3 |  3.1
Evocations     | 3 |  3.1
Short Blades   | |  8.7
Dodging        | |  6.7

Action                   |  1- 3 |  4- 6 || total
-------------------------+-------+-------++-------
Melee: Short sword       |    41 |       ||    41
       Dagger            |    43 |    71 ||   114
       Bite              |     5 |     8 ||    13
Invok: Heroism           |       |     1 ||     1
Evoke: Wand              |     7 |     6 ||    13
  Use: Scroll            |       |     6 ||     6
 Stab: Sleeping          |     3 |       ||     3
Armor: Robe              |    15 |       ||    15
       Ring mail         |     2 |    10 ||    12
Dodge: Dodged            |    56 |    38 ||    94
Block: Buckler           |       |     8 ||     8

Table legend: (Time is in decaauts)
 A = Elapsed time spent in this place.
 B = Non-inter-level travel time spent in this place.
 C = Inter-level travel time spent in this place.
 D = Time resting spent in this place.
 E = Time spent auto-exploring this place.
 F = Levels seen in this place.
 G = Mean time per level.
                   A        B        C        D        E       F      G
               +--------+--------+--------+--------+--------+-----+--------+
         Total |   2750 |   2650 |    100 |    544 |   1392 |   4 |  687.5 |
       Dungeon |   2750 |   2650 |    100 |    544 |   1392 |   4 |  687.5 |
               +--------+--------+--------+--------+--------+-----+--------+

Top non-repeatable levels by time:
     D:3: 1165 daAuts
     D:1: 684 daAuts
     D:2: 475 daAuts
     D:4: 424 daAuts
